 Seeded DCSS version 0.29.1-15-g9cfb28693d (webtiles) character file.

Game seed: 5852750519012672489 (custom seed)

30174 Twinkles the Fighter (level 12, 0/65 (69) HPs)
             Began as a Vine Stalker Brigand on June 6, 2023.
             Was a High Priest of Ru.
             Succumbed to a cane toad's poison
             ... on level 4 of the Lair of Beasts.
             The game lasted 00:49:29 (16207 turns).

Twinkles the Fighter (Vine Stalker Brigand)        Turns: 16207, Time: 00:49:30

HP:   0/65 (69)     AC: 10    Str: 19    XL:     12   Next: 50%
MP:   1/27          EV: 16    Int: 15    God:    Ru [*****.]
Gold: 888           SH:  0    Dex: 27    Spells: 31/31 levels left

rFire   + . .      SeeInvis .   b - +9 halberd of Pionon {venom, rF+ Int+4 Dex+5}
rCold   . . .      Faith    .   (shield currently unavailable)
rNeg    . . .      Spirit   +   U - +1 robe of Vines {NoPotionHeal Regen++++}
rPois   .          Reflect  .   G - +0 helmet
rElec   .          Harm     .   s - scarf {repulsion}
rCorr   .          Rampage  .   O - +0 pair of gloves
Will    +....                   (no boots)
Stlth   ++++......              (no amulet)
HPRegen 4.20/turn               M - +4 ring of protection
MPRegen 0.20/turn               Q - +6 ring of dexterity

@: lethally poisoned (0 -> -1), exhausted, studying Polearms, drained, repel
missiles
A: fangs 3, regeneration 1, magic shield, antimagic bite, no potion heal 2,
inability to use devices, hated by all, inexperienced 1, missing an eye
a: Renounce Religion, Sacrifice Words, Sacrifice Experience, Sacrifice Stealth,
Reject Sacrifices, Draw Out Power, Power Leap, Apocalypse


You were on level 4 of the Lair of Beasts.
You worshipped Ru.
Ru was extremely pleased with you.
You visited 2 branches of the dungeon, and saw 17 of its levels.
You also visited: Sewer.

You collected 888 gold pieces.

Inventory:

Hand Weapons
 a - a +2 dagger
 b - the +9 halberd of Pionon (weapon) {venom, rF+ Int+4 Dex+5}
   (You found it on level 6 of the Dungeon)

   It poisons the flesh of those it strikes.
   Int:       It affects your intelligence (+4).
   Dex:       It affects your dexterity (+5).
   rF:        It protects you from fire.
Missiles
 d - 34 poisoned darts (quivered)
 e - 4 curare-tipped darts
 L - 2 throwing nets
Armour
 c - a +0 cloak
 s - a scarf of repulsion (worn)
 x - a +1 chain mail of fire resistance
 C - +0 swamp dragon scales
 D - a +1 leather armour of cold resistance
 G - a +0 helmet (worn)
 I - a +0 helmet of intelligence
 O - a +0 pair of gloves (worn)
 U - the +1 robe of Vines (worn) {NoPotionHeal Regen++++}
   (You found it on level 3 of the Lair of Beasts)

   Its wearer cannot be healed by potions.
   Regen:     It increases your rate of health regeneration.
Jewellery
 f - an amulet of faith
 M - a +4 ring of protection (left hand)
 Q - a +6 ring of dexterity (right hand)
Scrolls
 h - 3 scrolls of poison
 i - 2 scrolls of magic mapping {unknown}
 j - 3 scrolls of noise {unknown}
 k - 2 scrolls of vulnerability {unknown}
 m - 4 scrolls of fog {unknown}
 u - 4 scrolls of silence
 v - a scroll of amnesia {unknown}
 y - a scroll of torment {unknown}
 A - 6 scrolls of enchant weapon {unknown}
 E - 3 scrolls of blinking {unknown}
 F - 2 scrolls of teleportation {unknown}
 H - 2 scrolls of immolation
 J - 4 scrolls of brand weapon {unknown}
 R - 2 scrolls of summoning {unknown}
 T - a scroll of fear {unknown}
 V - a scroll of identify
Potions
 g - 2 potions of lignification
 l - 3 potions of degeneration
 n - 12 potions of curing
 o - 6 potions of brilliance
 p - 5 potions of might
 q - 7 potions of heal wounds
 r - a potion of cancellation {unknown}
 t - 4 potions of magic
 w - a potion of berserk rage
 z - a potion of resistance {unknown}
 B - 2 potions of attraction
 K - 5 potions of haste
 N - 2 potions of flight
 P - a potion of ambrosia {unknown}
 S - a potion of mutation {unknown}


   Skills:
 + Level 10.7 Fighting
 - Level 8.4 Short Blades
 + Level 9.4 Polearms
 - Level 2.1 Throwing
 + Level 9.6 Armour
 - Level 4.4 Dodging
 - Level 5.1 Stealth
 - Level 10.0 Spellcasting


You had 31 spell levels left.
You didn't know any spells.
Your spell library contained the following spells:

 Spells                   Type           Power      Damage    Failure   Level
 Apportation              Tloc           14%        N/A       10%         1
 Necrotise                Necr           28%        1d5       10%         1
 Ensorcelled Hibernation  Hex/Ice        14%        N/A       14%         2
 Scorch                   Fire           14%        2d5       14%         2
 Ignite Poison            Fire/Tmut/Pois 7%         N/A       28%         3
 Mephitic Cloud           Conj/Pois/Air  7%         N/A       28%         3
 Ozocubu's Armour         Ice            7%         N/A       28%         3
 Spider Form              Tmut/Pois      7%         N/A       28%         3
 Stone Arrow              Conj/Erth      14%        3d7       28%         3
 Anguish                  Hex/Necr       3%         N/A       67%         4
 Flame Wave               Conj/Fire      7%         2d5       67%         4
 Passage of Golubria      Tloc           7%         N/A       67%         4
 Freezing Cloud           Conj/Ice/Air   3%         6-21      95%         5
 Silence                  Hex/Air        3%         N/A       95%         5
 Ozocubu's Refrigeration  Ice            3%         4d8       100%        7
 Lehudib's Crystal Spear  Conj/Erth      3%         10d3      100%        8
 Summon Small Mammal      Summ           Unusable   N/A       N/A         1
 Animate Armour           Summ/Erth      Unusable   N/A       N/A         4
 Summon Cactus Giant      Summ           Unusable   N/A       N/A         6

Dungeon Overview and Level Annotations

Branches:
Dungeon (12/15)            Temple (0/1) D:7            Lair (5/5) D:11
 Shoals (0/4) Lair:3        Snake (0/4) Lair:3        Slime (0/5) Lair:4
  Sewer (visited)
    Orc: D:9-12

Altars:
Ashenzari
Cheibriados
Kikubaaqudgha
Ru
Uskayaw
Xom

Shops:
D:6 (

Portals:
Trove: D:11 (give 13 scrolls of teleportation)

Annotations:
D:3 Ijyb
D:7 1 runed translucent door, 1 exclusion, Crazy Yiuf
D:8 1 runed translucent door, exclusion: door
D:9 3 runed translucent doors, exclusion: downstairs, Jingleheimer's ghost, novice DsHu
D:10 exclusion: door
Lair:1 exclusions: 2 electric eels and 3 more exclusions
Lair:2 1 runed translucent door, nroviw's ghost, journeyman HOHu
Lair:3 2 transporters, Baddonua's ghost, journeyman MiFi
Lair:4 exclusion: oklob plant


Innate Abilities, Weirdness & Mutations

You have razor-sharp teeth.
Your natural rate of healing is unusually fast.
When hurt, damage is shared between your health and your magic reserves.
Your bite disrupts and absorbs the magic of your enemies.
Potions cannot restore your health.
You cannot study or use magical devices.
You are hated by all.
You are somewhat inexperienced. (-1 XL)
You are missing an eye, making it more difficult to aim.


Message History

The water moccasin hisses angrily.
There is a stone staircase leading up, spattered with blood here.
Unknown command.
You are restored by drawing out deep reserves of power within.
You feel drained.
You feel extremely sick.
The boulder beetle leaps!
The six-headed hydra bites you. The six-headed hydra bites you!
The six-headed hydra bites you but does no damage.
The six-headed hydra bites you. The six-headed hydra bites you!
The six-headed hydra bites you. The cane toad barely misses you.
You redirect the dream sheep's attack!
The dream sheep bites the six-headed hydra!
You feel very sick.
The six-headed hydra is stunned by your conviction and fails to attack.
You redirect the cane toad's attack!
The cane toad barely misses itself.
The dream sheep closely misses you.
The six-headed hydra closely misses you. x2
The six-headed hydra bites you but does no damage. x2
The six-headed hydra misses you. The six-headed hydra bites you!
* * * LOW HITPOINT WARNING * * *
You climb upwards.
Level annotation: exclusion: oklob plant You feel extremely sick.
There is a stone staircase leading down, spattered with blood here.
You feel very sick. The cane toad barely misses you.
You feel very sick. The cane toad stings you.
* * * LOW HITPOINT WARNING * * *
You are more poisoned.
The cane toad poisons you! The cane toad attacks as you move away!
The cane toad stings you but does no damage.
You feel extremely sick. The cane toad attacks as you move away!
The cane toad stings you!!
* * * LOW HITPOINT WARNING * * *
x2 You feel very sick.
The cane toad attacks as you move away! The cane toad closely misses you.
You die...

...........................#
...........................#
.....................#.....#
.....................P.....#
...........................#
PPPP.#.....................#
...P.##...†>..Y............#
PP.P#.P.....†DF.####.......#
P..P...........#@# ##.##.###
PP.P..........P### ######
#.............##
##............♣
##..........♣.♣
P...........♣.#
...........#♣.♣#
...........#...#
...........#♣.♣#


You could see a six-headed hydra, a cane toad and a dream sheep.

Vanquished Creatures
  A hydra (Lair:4)
  2 two-headed ogres (D:8)
  A deep elf pyromancer (D:6)
  A merfolk siren (Lair:3)
  9 elephants
  A guardian serpent (Lair:3)
  5 black mambas
  4 cane toads
  Maggie (D:7)
  5 rime drakes
  3 kobold demonologists
  2 unseen horrors
  6 komodo dragons
  2 trolls
  2 polar bears (Lair:2)
  Grinder (D:6)
  9 dream sheep (Lair:4)
  7 blink frogs
  A shadow (D:6)
  4 wyverns
  2 vampires
  29 yaks
  3 basilisks
  3 vampire mosquitoes (D:11)
  3 steam dragons
  8 water moccasins
  A black bear (D:5)
  An ice beast (D:7)
  An orc warrior (D:8)
  Pargi (Sewer)
  8 ogres
  14 wolves
  2 centaurs (D:8)
  A phantom (D:6)
  2 kobold brigands
  7 bullfrogs
  4 gnoll sergeants
  A necrophage (D:6)
  8 wights
  5 killer bees
  8 howler monkeys
  4 orc priests
  3 gnoll boudas
  7 hounds
  Terence (D:3)
  An iguana (D:6)
  4 orc wizards
  Natasha (thrice) (D:3)
  Robin (D:3)
  27 gnolls
  8 adders
  A river rat (D:4)
  A shadow imp (D:5)
  2 ufetubi
  4 worms
  2 dart slugs
  34 orcs
  6 ball pythons
  10 bats
  2 bat zombies (D:3)
  10 endoplasms
  3 giant cockroaches
  13 goblins
  5 hobgoblins
  10 kobolds
  2 quokkas
  3 frilled lizards
  8 rats
  4 rat zombies (D:3)
358 creatures vanquished.

Vanquished Creatures (others)
  An elephant (Lair:2)
  A cyclops (D:11)
  2 cane toads
  A rime drake (Lair:3)
  2 komodo dragons
  A slime creature (D:7)
  An ogre (D:7)
  2 orcs (D:6)
  A kobold (D:9)
  9 fungi
  84 plants
105 creatures vanquished.

Grand Total: 463 creatures vanquished

Notes
Turn   | Place    | Note
-------+----------+-------------------------------------------
     0 | D:1      | Twinkles the Vine Stalker Brigand began the quest for the
                  | Orb.
     0 | D:1      | Reached XP level 1. HP: 11/11 MP: 2/2
   368 | D:1      | Reached skill level 1 in Dodging
   368 | D:1      | Reached XP level 2. HP: 15/15 MP: 3/3
   382 | D:1      | Reached skill level 5 in Stealth
  1112 | D:2      | Found a faded altar of an unknown god.
  1115 | D:2      | Reached XP level 3. HP: 17/18 MP: 4/4
  1179 | D:2      | Prayed at the altar of an unknown god.
  1179 | D:2      | Became a worshipper of Ru the Awakened
  1199 | D:2      | Gained mutation: You cannot study or use magical devices.
                  | [Ru sacrifice]
  1199 | D:2      | Reached * piety under Ru
  1199 | D:2      | Reached ** piety under Ru
  1893 | D:2      | Gained mutation: Your natural rate of healing is unusually
                  | fast. [Vine Stalker growth]
  1893 | D:2      | Reached XP level 4. HP: 12/23 MP: 3/5
  2302 | D:3      | Noticed Terence
  2329 | D:3      | Killed Terence
  2434 | D:3      | Noticed Natasha
  2463 | D:3      | Killed Natasha
  2464 | D:3      | Reached skill level 1 in Armour
  2464 | D:3      | Reached XP level 5. HP: 18/27 MP: 2/6
  2567 | D:3      | Noticed Ijyb
  2630 | D:3      | Found an ancient bone altar of Kikubaaqudgha.
  2830 | D:3      | Noticed Natasha
  2990 | D:3      | Killed Natasha
  3209 | D:3      | Noticed Natasha
  3224 | D:3      | Killed Natasha
  3225 | D:3      | Reached XP level 6. HP: 27/32 MP: 4/7
  3286 | D:3      | Noticed Robin
  3298 | D:3      | Killed Robin
  3610 | D:4      | Found a glowing drain.
  3612 | D:4      | Gained mutation: You are somewhat inexperienced. (-1 XL)
                  | [Ru sacrifice]
  3612 | D:4      | Reached XP level 5. HP: 28/28 MP: 6/6
  3612 | D:4      | Reached *** piety under Ru
  3612 | D:4      | Reached **** piety under Ru
  3615 | Sewer    | Entered a sewer
  3658 | Sewer    | Noticed Pargi
  3673 | Sewer    | Killed Pargi
  3908 | D:4      | Reached XP level 6. HP: 32/32 MP: 7/7
  4216 | D:5      | Entered Level 5 of the Dungeon
  5118 | D:6      | Noticed Grinder
  5262 | D:6      | Reached XP level 7. HP: 14/37 MP: 5/8
  5317 | D:6      | Noticed a shadow
  5563 | D:7      | Found a staircase to the Ecumenical Temple.
  5656 | D:7      | Noticed Maggie
  5701 | D:7      | Killed Maggie
  5702 | D:7      | Reached skill level 5 in Fighting
  5702 | D:7      | Reached skill level 5 in Short Blades
  5826 | D:6      | Found Ziny's Antique Weapon Shop.
  5829 | D:6      | Identified the +9 halberd of Pionon {venom, rF+ Int+4
                  | Dex+5}
  6222 | D:7      | Found a runed translucent door.
  6223 | D:7      | Noticed Crazy Yiuf
  6320 | D:7      | Gained mutation: You are missing an eye, making it more
                  | difficult to aim. [Ru sacrifice]
  6320 | D:7      | Reached ***** piety under Ru
  6361 | D:7      | Gained mutation: You have razor-sharp teeth. [Vine Stalker
                  | growth]
  6361 | D:7      | Reached XP level 8. HP: 40/43 MP: 9/9
  6479 | D:7      | Noticed a deep elf pyromancer
  6504 | D:6      | Noticed an unseen horror
  6612 | D:6      | Killed an unseen horror
  6616 | D:6      | Killed Grinder
  7497 | D:6      | Killed a deep elf pyromancer
  7498 | D:6      | Reached skill level 5 in Armour
  7563 | D:7      | Reached XP level 9. HP: 43/48 MP: 13/17
  7563 | D:7      | Noticed a two-headed ogre
  7569 | D:7      | Killed an unseen horror
  7570 | D:7      | Reached skill level 5 in Spellcasting
  7777 | D:8      | Killed a two-headed ogre
  8004 | D:8      | Noticed an ogre mage
  8004 | D:8      | Noticed a deep elf pyromancer
  8004 | D:8      | Noticed a tengu warrior
  8005 | D:8      | Found a runed translucent door.
  8007 | D:8      | Identified the +12 scimitar of Nesuebusm {vorpal, rF+++}
  8007 | D:8      | Noticed a centaur warrior
  8007 | D:8      | Noticed a centaur warrior
  8007 | D:8      | Identified the ring of the Madman {rF++ rN+ MP-9 Int+6}
  8007 | D:8      | Noticed a rakshasa
  8007 | D:8      | Noticed an orc knight
  8840 | D:9      | Gained mutation: You are hated by all. [Ru sacrifice]
  8885 | D:9      | Noticed a two-headed ogre
  8912 | D:8      | Killed a two-headed ogre
  8993 | D:9      | You fall into a shaft and drop 3 floors!
  9097 | D:11     | Reached XP level 10. HP: 51/55 MP: 22/22
  9119 | D:11     | Found a portal to a secret trove of treasure.
  9329 | D:10     | Entered Level 10 of the Dungeon
  9670 | D:9      | Found a shimmering altar of Xom.
  9671 | D:9      | Found a shimmering altar of Xom.
  9672 | D:9      | Noticed a moth of wrath
  9674 | D:9      | Found a shimmering altar of Xom.
  9675 | D:9      | Found a shimmering altar of Xom.
  9675 | D:9      | Found a shimmering altar of Xom.
  9675 | D:9      | Found a shimmering altar of Xom.
  9678 | D:9      | a moth of wrath changed into a swamp worm
  9690 | D:9      | Noticed a cyclops
  9690 | D:9      | a swamp worm changed into a cyclops
  9712 | D:9      | Noticed a shock serpent
  9712 | D:9      | a cyclops changed into a shock serpent
  9742 | D:9      | Found a runed translucent gate.
  9743 | D:9      | Found a runed translucent gate.
  9747 | D:9      | Noticed Jingleheimer's ghost (novice DsHu)
  9774 | D:9      | Found a runed translucent gate.
  9979 | D:9      | Noticed a quicksilver ooze
 10215 | D:10     | Noticed a tengu warrior
 10516 | D:10     | Found a hide-covered altar of Uskayaw.
 10520 | D:10     | Found a broken altar of Ashenzari.
 10520 | D:10     | Found a snail-covered altar of Cheibriados.
 10687 | D:11     | Found a staircase to the Lair.
 10949 | D:11     | Found a hide-covered altar of Uskayaw.
 10953 | D:11     | Noticed a +0 dagger
 10953 | D:11     | Noticed a +0 hand axe
 11123 | D:11     | Noticed a cyclops
 11164 | D:11     | Killed a cyclops
 11566 | Lair:1   | Entered Level 1 of the Lair of Beasts
 12428 | Lair:2   | Found a runed translucent door.
 12429 | Lair:2   | Noticed nroviw's ghost (journeyman HOHu)
 12466 | Lair:2   | Reached XP level 11. HP: 38/60 MP: 18/25
 12572 | Lair:2   | Reached skill level 10 in Spellcasting
 12677 | Lair:2   | Reached skill level 1 in Polearms
 13504 | Lair:2   | Reached skill level 5 in Polearms
 13939 | Lair:3   | Found a staircase to the Snake Pit.
 13976 | Lair:3   | Reached XP level 12. HP: 58/67 MP: 20/27
 13978 | Lair:3   | Reached skill level 10 in Fighting
 14088 | Lair:3   | Found a staircase to the Shoals.
 14355 | Lair:3   | Found a transporter.
 14368 | Lair:3   | Found a transporter.
 14401 | Lair:3   | Noticed Baddonua's ghost (journeyman MiFi)
 14414 | Lair:3   | Found the +1 robe of Vines {NoPotionHeal Regen++++}
 15158 | Lair:4   | Found a staircase to the Slime Pits.
 16065 | Lair:5   | Entered Level 5 of the Lair of Beasts
 16206 | Lair:4   | HP: 2/65 [cane toad (13)]
 16207 | Lair:4   | Succumbed to a cane toad's poison

Illustrated notes

Levels and vault maps discovered:
D:1:      dpeg_arrival_rooms_a, layout_basic, serial_forest,
          infiniplex_forest_end_double, infiniplex_forest_end_2,
          infiniplex_forest_lined_2, infiniplex_forest_straight_4,
          infiniplex_forest_lined_room_2, infiniplex_forest_clump_small,
          infiniplex_forest_straight_5, infiniplex_forest_straight_5
D:2:      layout_loops_ring, chequers_ecumenical_altar_island,
          kennysheep_generic_room_6
D:3:      layout_basic, lemuel_zombie_altar_kikubaaqudgha, uniq_robin,
          uniq_terence, uniq_natasha, uniq_ijyb
D:4:      layout_cave_pools, gup_sewer_entry_spiral
D:5:      layout_gridville
D:6:      layout_basic, serial_shops, nicolae_shop_stone,
          minmay_manual_mandibuliform, uniq_grinder
D:7:      nzn_winding_woodlands_stair_cross
          [nzn_winding_woodlands_5x15_lazy_stream,
          nzn_winding_woodlands_center_diamonds,
          nzn_winding_woodlands_5x15_river_crossing,
          nzn_winding_woodlands_5x5_open_star,
          nzn_winding_woodlands_5x5_default,
          nzn_winding_woodlands_5x15_longhouse,
          nzn_winding_woodlands_center_triple_pond,
          nzn_winding_woodlands_5x15_zeroes], layout_basic, temple_statues,
          minivault_11, uniq_crazy_yiuf_cottage, uniq_maggie
D:8:      minmay_gate_of_8, layout_basic, nicolae_grassy_gnolls
D:9:      layout_basic, xom_shifter_show, gammafunk_ghost_split,
          kennysheep_generic_room_7
D:10:     layout_roguey, grunt_temple_overflow_open, serial_shops, shop,
          minmay_fractal_squares_gapless_7
D:11:     layout_basic, david_lair_generic, enter_trove_0,
          dancing_weapons_uskayaw
D:12:     lemuel_ogre_cave, layout_irregular_city, orc_0_dummy,
          chequers_serial_rivers_room_a, uniq_nessos
Lair:1:   layout_chaotic_city, serial_bayou_shore_a,
          infiniplex_staircase_pool_2, serial_bayou_shore_b
Lair:2:   layout_loops_ring, serial_forest, infiniplex_forest_lined_1,
          infiniplex_forest_end_1, infiniplex_forest_clump_diagonal,
          infiniplex_forest_clump_large, ebering_ghost_inner_flame
Lair:3:   layout_big_grid, minmay_shoals_entry_lonely_mermaid,
          minmay_snake_entry_spellcaster, gammafunk_ghost_berserking_beasts
Lair:4:   layout_hall_layers, slime_entry_1, serial_forest,
          infiniplex_forest_clump_curved, infiniplex_forest_clump_small,
          infiniplex_forest_clump_medium, infiniplex_forest_end_2,
          infiniplex_forest_clump_tiny, infiniplex_forest_corner_1,
          infiniplex_forest_lined_room_2, infiniplex_forest_clump_tiny,
          infiniplex_forest_lined_3, tgw_fedhas
Lair:5:   due_jungle_book, layout_concentric_octagons, serial_bayou_shore_b,
          grunt_megastairs_3

Skill      XL: |  1  2  3  4  5  6  7  8  9 10 11 12 |
---------------+-------------------------------------+-----
Dodging        | 1 2 3 4 |  4.4
Fighting       | 2 3 4 5 6 7 8 9 10 | 10.7
Stealth        | 5 |  5.1
Short Blades   | 2 3 4 5 6 7 8 |  8.4
Throwing       | 2 |  2.1
Armour         | 1 3 4 5 6 7 8 9 |  9.6
Spellcasting   | 4 7 9 10 | 10.0
Polearms       | 7 9 |  9.4

Action                   |  1- 3 |  4- 6 |  7- 9 | 10-12 || total
-------------------------+-------+-------+-------+-------++-------
Melee: Dagger            |    85 |   432 |   323 |    13 ||   853
       Bite              |    19 |   131 |   127 |   157 ||   434
       Punch             |       |     4 |     8 |       ||    12
       Halberd           |       |       |   186 |   535 ||   721
Throw: Dart              |       |    10 |     9 |     8 ||    27
Invok: Sacrifice Artific |     1 |       |       |       ||     1
       Sacrifice Experie |       |     1 |       |       ||     1
       Draw Out Power    |       |     1 |    14 |     2 ||    17
       Power Leap        |       |       |     1 |       ||     1
       Sacrifice an Eye  |       |       |     1 |       ||     1
       Sacrifice Love    |       |       |     1 |       ||     1
  Use: Scroll            |       |       |     6 |     5 ||    11
       Potion            |       |       |     2 |       ||     2
 Stab: Sleeping          |    10 |       |       |     5 ||    15
       Invisible         |       |     3 |     2 |     5 ||    10
       Distracted        |       |     1 |     2 |     7 ||    10
Armor: Leather armour    |     4 |       |       |       ||     4
       Scale mail        |    14 |    95 |       |       ||   109
       Chain mail        |       |    66 |   250 |    76 ||   392
       Swamp dragon scal |       |       |       |   166 ||   166
       Robe              |       |       |       |    18 ||    18
Dodge: Dodged            |    28 |   143 |   192 |   390 ||   753
       Repelled          |       |       |     1 |     2 ||     3
